[Event "61st Mongolian-ch Open 2023"]
[Site "Khovd"]
[Date "2023.05.22"]
[Round "1.1"]
[White "Enkhnar, Enkhbaatar"]
[Black "Bilguun, Sumiya"]
[Result "1/2-1/2"]
[ECO "B41"]
[WhiteElo "2360"]
[BlackElo "2474"]
[Annotator "TA"]
[PlyCount "60"]
[EventDate "2023.05.22"]
[EventType "tourn"]
[EventCountry "MGL"]
[SourceTitle "playchess.com"]
[Source "ChessBase"]
[SourceQuality "1"]
[TimeControl "40/5400+30:1800+30"]

1. e4 c5 2. Nf3 a6 3. c4 e6 4. Nc3 Qc7 5. d4 cxd4 6. Nxd4 Nf6 7. Be2 b6 8. O-O Bb7 9. f3 d6 10. Be3 Nbd7 11. Qd2 Be7 12. Rfc1 O-O 13. a4 {[%emt 0:00:04][%cal Oa4a5] B41: Sicilian: Kan Variation: 5 c4.} a5 {[%emt 0:11:21] [#]} 14. Rd1 $146 ({Predecessor:} 14. Ncb5 Qb8 15. Nb3 Rd8 16. Rd1 {½-½ Garcia Pantoja,R (2473)-Barrientos Chavarriaga,S (2461) Manizales op 26th 2017 (8)}) 14... Nc5 15. Qe1 {[%emt 0:01:33] White is slightly better.} Rad8 16. Qg3 Nh5 17. Qh3 {[%emt 0:01:00] [#] aiming for Ndb5.} Nf6 (17... g6 $11 {is superior.}) 18. Qg3 Nh5 19. Qh3 {[%emt 0:01:38] Threatens to win with Ndb5.} Nf6 20. g4 (20. Rd2 $14) 20... g6 21. Bh6 Rfe8 22. Qg3 Kh8 23. Rac1 (23. Ndb5 $14 Qc6 24. Be3) 23... Rd7 24. Rc2 (24. Ndb5 $5 Qd8 25. Bf4 $14) 24... Qd8 (24... g5 $5 ) 25. Be3 h5 26. h3 Kg7 (26... Nh7 $11) 27. Rcd2 {[%emt 0:02:30] White is more active.} ({Much worse is} 27. Qf4 Rh8 28. g5 Nh7 $15) ({White should play} 27. g5 $14 Nh7 28. h4) 27... e5 $15 28. Ndb5 hxg4 29. hxg4 ({Avoid the trap} 29. Qh4 $2 Rh8 30. Qe1 Rxh3 $19) 29... Rh8 {[%emt 0:02:44] Dodges Bh6+} (29... Nb3 $5 ) 30. Bf1 $1 Ne8 {[%emt 0:02:05] Weighted Error Value: White=0.25 (precise) /Black=0.16 (very precise)} 1/2-1/2

[Event "61st Mongolian-ch Open 2023"]
[Site "Khovd"]
[Date "2023.05.22"]
[Round "1.2"]
[White "Amartuvshin, Ganzorig"]
[Black "Erdene, Ganzorig"]
[Result "1-0"]
[ECO "D85"]
[WhiteElo "2407"]
[BlackElo "2278"]
[Annotator "TA"]
[PlyCount "125"]
[EventDate "2023.05.22"]
[EventType "tourn"]
[EventCountry "MGL"]
[SourceTitle "playchess.com"]
[Source "ChessBase"]
[SourceQuality "1"]
[TimeControl "40/5400+30:1800+30"]

1. d4 Nf6 2. c4 g6 3. Nc3 d5 4. cxd5 Nxd5 5. e4 Nxc3 6. bxc3 Bg7 7. Be3 c5 8. Rc1 O-O 9. Nf3 Qa5 10. Qd2 Rd8 11. h4 {[%emt 0:00:33] D85: Exchange Grünfeld: Unusual White 7th moves and lines with 7 Nf3.} cxd4 12. cxd4 Qxd2+ 13. Bxd2 {[%emt 0:00:39] The position is equal.} Na6 {[%emt 0:02:49] [#]} 14. Bxa6 $146 (14. h5 {feels hotter.} Bg4 15. hxg6 hxg6 16. Ne5) ({Predecessor:} 14. Bc4 Bd7 15. Rb1 Rac8 16. Be2 Bc6 17. d5 Bd7 18. Ba5 Re8 19. O-O Nc5 20. Rfe1 {0-1 Narayanan,S (2616)-Cheparinov,I (2666) Belt and Road Hunan op-A 2019 (2)}) 14... bxa6 15. Ba5 Rd7 16. d5 (16. O-O $11) 16... f5 $15 17. exf5 Rxd5 18. Bb4 a5 (18... gxf5 $6 19. Bxe7 Be6 20. O-O $11) (18... Bxf5 $17 {...Rb8 is the strong threat.} 19. O-O e5) 19. Bxe7 $11 Ba6 (19... Rxf5 {simplifies} 20. O-O Bb7 21. Rc5 Rxc5 22. Bxc5 Rc8) 20. f6 Re8 21. Rd1 Bc4 ({Don't take} 21... Bxf6 22. Rxd5 Bxe7 23. Kd1 $16 (23. Rxa5 $2 Bb4+ 24. Kd1 Bxa5 $19)) 22. Rxd5 Bxd5 {[%emt 0:00:43] This pair of bishops is nice.} 23. O-O Bxf3 24. gxf3 {[%emt 0:00:06] Threatening Rd1.} Kf7 25. fxg7 Rxe7 {[%emt 0:01:46][%mdl 4096] Endgame KR-KR} 26. Rc1 Kxg7 (26... Re2 $5) 27. Rc5 Rf7 28. Rxa5 Rxf3 29. Rxa7+ Kf6 $1 30. Kg2 Rc3 31. Ra4 (31. a4 $16) 31... h5 ({Black should play} 31... Kf5 $11) 32. Rf4+ (32. f3 $1 $14) 32... Ke5 33. Ra4 Kf5 34. f3 Rc1 35. Kf2 Ra1 36. a3 Ke5 37. Re4+ Kf5 38. a4 Ra3 39. Rb4 Ke5 $2 {[%emt 0:00:06] [#]} (39... Ra1 $11 {and Black has nothing to worry.}) 40. Kg3 $1 $18 Kf5 41. Rb5+ Kf6 42. a5 (42. Ra5 $18) 42... Ra4 $11 43. Rb6+ Kf5 44. Rb5+ Kf6 45. Rb6+ Kf5 46. a6 Ra2 47. Rc6 Ra4 48. Kf2 Kf4 49. Rf6+ Ke5 50. Rxg6 Kf4 51. Ke2 Ra3 $2 {[%emt 0:03:45][%mdl 8192] [#]} (51... Kf5 $14 52. Rc6 Kf4) 52. Kd2 $1 $18 Kf5 53. Rh6 {[%emt 0:01:05] Strongly threatening Kc2.} Kf4 54. Rg6 ({Worse is} 54. Rxh5 Rxa6 55. Rh7 Kxf3 $11) (54. Kc2 $142 Kxf3 55. Kb2 (55. Rxh5 Rxa6 56. Rh8 Kg4 $11)) 54... Kf5 $1 55. Rc6 {[%emt 0:02:00] And now Kc2 would win.} Kf4 56. Kc2 {[%emt 0:01:26] Black must now prevent Kb2.} Kg3 57. Kb2 Ra5 58. Kb3 {[%emt 0:00:14] Threatens to win with Kb4.} Kxh4 59. Kb4 Ra1 60. Rg6 {[%emt 0:00:12] Intending Kb5 and mate.} Rf1 61. a7 {[%emt 0:00:37] White mates.} Ra1 62. Rg7 Kh3 63. Kb5 {[%emt 0:00:06] Weighted Error Value: White=0.27 (precise) /Black=0.21 (precise)} 1-0

[Event "61st Mongolian-ch Open 2023"]
[Site "Khovd"]
[Date "2023.05.22"]
[Round "1.3"]
[White "Gan-Erdene, Sugar"]
[Black "Munguntuul, Batkhuyag"]
[Result "1-0"]
[ECO "D23"]
[WhiteElo "2420"]
[BlackElo "2408"]
[Annotator "TA"]
[PlyCount "119"]
[EventDate "2023.05.22"]
[EventType "tourn"]
[EventCountry "MGL"]
[SourceTitle "playchess.com"]
[Source "ChessBase"]
[SourceQuality "1"]
[TimeControl "40/5400+30:1800+30"]

1. d4 d5 2. c4 c6 3. Nf3 Nf6 4. Qc2 dxc4 5. Qxc4 Bf5 6. g3 e6 7. Bg2 Nbd7 8. O-O Be7 9. e3 O-O {[%emt 0:00:13] D23: Queen's Gambit Accepted: 3 Nf3 Nf6 sidelines.} 10. Rd1 Qc7 {[%emt 0:02:42] 10...Rc8 is the modern continuation.} 11. Nc3 e5 {[%emt 0:02:31] The position is equal.} 12. h3 Rfe8 13. dxe5 (13. Ng5 Bg6 $15) 13... Nxe5 14. Nxe5 Qxe5 15. e4 Be6 16. Qe2 Bb4 17. f4 Qa5 {[%emt 0:07:15] [#]} 18. Bd2 $146 ({Predecessor:} 18. Be3 Rad8 19. Qf2 Rxd1+ 20. Rxd1 Bxc3 21. bxc3 Qa4 22. Rd4 Bc4 23. Qd2 c5 24. Rd8 Rxd8 25. Qxd8+ {½-½ Mamedyarov,S (2761)-Aronian,L (2783) Moscow Tal Memorial 5th 2010 (4)}) 18... Bf5 19. e5 Rad8 20. Be1 Nd5 21. Nxd5 cxd5 22. Bxb4 Qxb4 23. Qd2 {[%emt 1:00:01] Prevents d4.} Qc5+ 24. Qd4 Rc8 {[%emt 0:00:30] [#]} 25. Qxc5 $1 Rxc5 26. Rac1 Rb5 (26... Rxc1 $16 27. Rxc1 d4) 27. b3 (27. Rxd5 $6 Rxb2 28. Rdd1 Be6 $11) (27. Bxd5 $18 {And now Rc7 would win.} Rxb2 28. Rc7) 27... Be6 $16 28. g4 {[%emt 0:00:00] Black must now prevent f5.} g6 29. Rd4 Kg7 30. Kf2 Re7 31. b4 {[%emt 0:00:00] White is more active.} a5 32. a3 axb4 33. axb4 f6 34. exf6+ Kxf6 35. Bf1 Rb6 36. b5 Bf7 37. Bd3 Rbe6 $2 {[%emt 0:00:00] White now steadily converts the win.} (37... Ke6 $11 {and Black stays safe.}) 38. Rxd5 Re3 39. Rd6+ Kg7 {[%emt 0:02:05] [#]} 40. Rd7 $3 {[%emt 0:00:00][%mdl 576] Deflection} Rxd7 41. Kxe3 $18 {[%emt 0:24:46][%mdl 4096] Endgame KRB-KRB} Re7+ 42. Kf2 Bd5 43. Rc8 Rd7 44. Bc4 Bxc4 (44... b6 45. Be2 Bh1) 45. Rxc4 {[%emt 0:00:00] KR-KR} Kf6 46. Ke3 (46. g5+ $142 Kf5 47. Ke3) 46... Rd5 $2 (46... g5 {was necessary.} 47. fxg5+ Kxg5 48. Rc5+ Kf6) 47. Rc7 Rxb5 (47... g5 $142 48. fxg5+ Rxg5 49. Rxb7 h6) 48. g5+ ({Weaker is} 48. Rxh7 Rb3+ 49. Ke4 Rb4+ 50. Ke3 Rb3+ 51. Kf2 Rc3 $16) 48... Kf5 49. Rf7+ ({Not} 49. Rxh7 Rb3+ 50. Kd4 Rb4+ 51. Kc5 Rxf4 $11) 49... Ke6 50. Rxh7 Rb3+ 51. Ke4 b5 52. Rg7 Rxh3 53. Rxg6+ {[%emt 0:00:00] White mates.} Kd7 54. Rb6 Rb3 55. g6 Kc7 56. g7 Rg3 57. Rxb5 ({Less strong is} 57. Ra6 Kb7 58. f5 Rxg7 $16) 57... Rxg7 58. Rd5 Rg8 59. f5 Rd8 60. f6 {[%emt 0:00:00] Weighted Error Value: White=0.10 (very precise) /Black=0.37} 1-0

[Event "61st Mongolian-ch Open 2023"]
[Site "Khovd"]
[Date "2023.05.22"]
[Round "1.4"]
[White "Munkhgal, Gombosuren"]
[Black "Chinguun, Sumiya"]
[Result "0-1"]
[ECO "E69"]
[WhiteElo "2463"]
[BlackElo "2298"]
[Annotator "TA"]
[PlyCount "82"]
[EventDate "2023.05.22"]
[EventType "tourn"]
[EventCountry "MGL"]
[SourceTitle "playchess.com"]
[Source "ChessBase"]
[SourceQuality "1"]
[TimeControl "40/5400+30:1800+30"]

1. d4 Nf6 2. c4 g6 3. Nc3 Bg7 4. g3 O-O 5. Bg2 d6 6. Nf3 c6 7. e4 Nbd7 8. O-O e5 9. h3 Qa5 10. Re1 exd4 11. Nxd4 Ne5 12. Bf1 Qb6 $1 {[%emt 0:00:08][%cal Ob6d4][%mdl 4] is currently scoring better than 12...Re8. E69: King's Indian: Fianchetto: 6...Nbd7 7 0-0 e5 8 e4 c6 9 h3.} 13. Be3 c5 $1 (13... Qxb2 $2 14. Na4 $18) 14. Ndb5 Be6 {[%emt 0:11:36] [#] The position is equal.} 15. a4 $146 (15. Qxd6 Nf3+ 16. Kg2 Nxe1+ 17. Rxe1 Qxd6 18. Nxd6 b6 $15) ({Predecessor:} 15. b3 a6 16. Na3 Qa5 17. Bd2 Qxa3 18. Nb1 Qb2 19. Bc3 Qxa1 20. Bxa1 Rad8 21. Nc3 {½-½ Kucuksari,K (2362)-Siva,M (2349) Titled Tuesday intern op 15th Feb Early blitz 2022 (8)}) 15... a6 (15... Bxc4 16. f4 Bxb5 17. a5 $16 (17. axb5 Ned7 $11) (17. Nxb5 Nc6 $11)) 16. a5 (16. Nxd6 Rfd8 17. f4 Rxd6 $17) 16... Qc6 17. Nd5 $1 (17. Nxd6 Rfd8 18. f4 Rxd6 $17) 17... Rfe8 {[%emt 0:03:21] Against Ne7+} (17... Rae8 $1 $11 18. Nbc3 Qd7) 18. Nbc3 $1 $16 Bxd5 19. exd5 (19. cxd5 {is interesting.} Qc8 20. Kg2 h5 21. f4) 19... Qc8 20. f4 {[%emt 0:14:21] [#]} (20. Kg2 $16 {keeps the pressure on.}) 20... Nxc4 $1 $17 {[%emt 0:11:41][%mdl 64] Discovered Attack, Double Attack} 21. Bf2 ({Of course not} 21. Bxc4 Qxh3 22. Qf3 Rxe3 23. Rxe3 Ng4 $17) 21... b5 {[%emt 0:00:41] Black is more active.} 22. axb6 Nxb6 (22... Nxb2 $2 23. Qb3 Rb8 24. Rxe8+ (24. Qxb2 Ne4 $14) 24... Nxe8 25. Qxb2 $18) 23. Rxe8+ Nxe8 24. Qb3 Nd7 25. Qa4 a5 26. Re1 Ndf6 27. g4 Nc7 (27... Rb8 $17 28. Nb5 Qd7 29. Qxa5 Nxd5) 28. Qc6 $1 $15 Nfe8 (28... Ncxd5 $2 29. Nxd5 (29. Qxd6 Nxc3 30. bxc3 h5 $11) 29... Qxc6 30. Ne7+ Kf8 31. Nxc6 $18) 29. Nb5 (29. Ne4 $1 $11 {remains equal.}) 29... Qd8 {[%emt 0:01:35] White must now prevent ...Nxb5.} 30. b3 $1 Rb8 31. Nxc7 (31. Kg2 $15) 31... Nxc7 $17 32. Bc4 Na8 33. Kg2 Nb6 $1 34. Bd3 {[%emt 0:01:23] [#]} Bf8 ({Black should try} 34... Bd4 $1 $17 35. g5 Bxf2 36. Kxf2 Rc8) 35. f5 $2 {[%emt 0:00:15] [#] This move loses the game for White.} ({Better is} 35. g5 $15) 35... Nd7 $1 $19 {[%emt 0:00:15] Threatens to win with ...Ne5.} 36. fxg6 hxg6 37. Bc4 (37. Bc2 {was called for.}) 37... Ne5 38. Qa6 (38. Rxe5 dxe5 39. Bg3) 38... Qf6 {[%emt 0:00:33] Hoping for ...Qf3+. Black is clearly winning.} 39. Bg3 {[%emt 0:00:50][%cal Oe1e5] aiming for Rxe5!} Qf3+ 40. Kh2 Nxc4 {[%emt 0:00:08][%mdl 64] Remove Defender} 41. Qxc4 Rxb3 {[%emt 0:30:06] Weighted Error Value: White=0.54/Black=0.15 (very precise)} 0-1

[Event "61st Mongolian-ch Open 2023"]
[Site "Khovd"]
[Date "2023.05.22"]
[Round "1.5"]
[White "Amilal Munkhdalai"]
[Black "Bulgankhan Ganzorig"]
[Result "1-0"]
[ECO "B53"]
[WhiteElo "2141"]
[BlackElo "2017"]
[Annotator "COMBH"]
[PlyCount "81"]
[EventDate "2023.05.22"]
[EventType "tourn"]
[EventCountry "MGL"]
[SourceTitle "playchess.com"]
[Source "ChessBase"]
[SourceQuality "1"]
[TimeControl "40/5400+30:1800+30"]

1. e4 c5 2. Nf3 d6 3. d4 Nf6 4. Bb5+ Bd7 5. Bxd7+ Qxd7 6. dxc5 Nxe4 7. cxd6 Nxd6 8. O-O Nc6 9. Qe2 g6 10. Rd1 Bg7 11. Na3 O-O 12. Nc4 Rfe8 13. c3 Rad8 14. Nxd6 exd6 15. Qd3 h6 16. Be3 d5 17. Rd2 Qe6 18. h3 Qe4 19. Rad1 Qa4 20. Qb1 Qb5 21. Qc2 Qc4 22. a3 Na5 23. Bxa7 Nb3 24. Rd3 d4 25. Bxd4 Nxd4 26. Nxd4 Bxd4 27. Rxd4 Rxd4 28. Rxd4 Re1+ 29. Kh2 Qc7+ 30. f4 Qe7 31. Qd2 Re4 32. Rxe4 Qxe4 33. Qd8+ Kh7 34. Qf6 Kg8 35. b4 Qe3 36. a4 h5 37. a5 Qe1 38. Qe5 Qd2 39. b5 Qa2 40. a6 bxa6 41. b6 1-0

[Event "61st Mongolian-ch Open 2023"]
[Site "Khovd"]
[Date "2023.05.22"]
[Round "1.6"]
[White "Ulziikhishig Khishigbat"]
[Black "Munkhzul, Turmunkh"]
[Result "0-1"]
[ECO "E32"]
[WhiteElo "1601"]
[BlackElo "2318"]
[Annotator "TA"]
[PlyCount "129"]
[EventDate "2023.05.22"]
[EventType "tourn"]
[EventCountry "MGL"]
[SourceTitle "playchess.com"]
[Source "ChessBase"]
[SourceQuality "1"]
[TimeControl "40/5400+30:1800+30"]

1. d4 Nf6 2. c4 e6 3. Nc3 Bb4 4. Qc2 O-O 5. e4 d5 6. e5 Ne4 7. Bd3 c5 $1 8. Nf3 {[%emt 0:01:06] aiming for 0-0. E32: Nimzo-Indian: Classical (4 Qc2): 4...0-0.} cxd4 9. Nxd4 Nd7 10. Bf4 {[%emt 0:01:03] The position is equal.} Qh4 11. g3 Qh5 12. O-O g5 13. cxd5 gxf4 (13... Bxc3 {simplifies} 14. bxc3 exd5 15. Bxe4 dxe4 16. e6 gxf4 17. exd7 Bxd7 18. Qxe4 fxg3 19. fxg3 b6) 14. Nxe4 (14. dxe6 $5 Nxe5 15. exf7+ (15. Nxe4 fxe6 16. Qb3 a5 $11) 15... Rxf7 16. Nxe4 $11) 14... exd5 (14... Qxe5 15. dxe6 Qxd4 16. exd7 Bxd7 17. Rad1 $16) 15. Nf6+ Nxf6 16. exf6 Bh3 17. Rfd1 Rac8 18. Qb3 {[%emt 0:07:48] [#]} (18. Qe2 $11 {keeps the balance.} Qxe2 19. Bxe2) 18... fxg3 $1 $17 19. hxg3 (19. Qxb4 $2 gxf2+ 20. Kxf2 Qh4+ 21. Kg1 Qg5+ 22. Kf2 Qg2+ 23. Ke3 Rfe8+ $19) 19... Bc5 $40 {[%emt 0:00:52][%mdl 128] Black attacks with force.} 20. Ne2 (20. Be2 $17 Qe5 21. g4 Bxd4 22. Qxh3 Qxf6 23. Qf3) 20... Kh8 $1 $19 {[%emt 0:04:06] ...Qf3 is the strong threat.} (20... Bg4 21. Nf4 Bxd1 22. Rxd1 $17) 21. Bb5 {[%emt 0:04:17] [#]} Bg4 $146 {[%emt 0:07:29] This pair of bishops is nice.} (21... Qf5 $1 $19 22. Nf4 Rg8) ({Predecessor:} 21... Qf5 22. Nf4 Rg8 23. Qf3 Rxg3+ 24. Qxg3 Rg8 25. Qxg8+ Kxg8 26. Nxh3 Qxh3 27. Rd3 Qh4 {½-½ El Gindy,E (2486)-Golizadeh,A (2490) Olympiad-41 Tromsoe 2014 (10.4)}) 22. Nf4 $17 (22. Rxd5 $2 Bxf2+ 23. Kxf2 Qh2+ 24. Kf1 (24. Ke3 $2 Bxe2 $19) 24... a6 $19) 22... Bxd1 23. Rxd1 Qh6 24. Rxd5 Rg8 25. Nh5 (25. Qf3 $15) 25... Bb6 {[%emt 0:04:31] Hoping for ...Qc1+.} 26. Be2 Qc1+ 27. Kg2 Qe1 28. Qf3 Rc1 29. Bd1 Rc4 $2 ({Better is} 29... Bxf2 $1 $19 {White must now prevent ...Qg1+.} 30. Qxf2 Rxd1 31. Qxe1 Rxe1) 30. Nf4 {[%emt 0:02:37] [#]} (30. Bb3 $1 $11 Rc1 31. Bd1) 30... Qe4 $1 {[%emt 0:01:55] The board is on fire.} 31. Qxe4 Rxe4 32. Kf3 Rd4 33. Bb3 Rxd5 34. Bxd5 {[%emt 0:00:19][%mdl 4096] Endgame KRB-KBN} Bd4 35. Bxf7 Rf8 36. Bd5 Rxf6 ({Stronger than} 36... Bxb2 37. f7 $11) 37. Bxb7 Rb6 38. Bd5 Rxb2 39. Nd3 Rd2 40. Bc4 Kg7 {[%emt 0:00:53] Black is much more active.} 41. a4 h5 42. Nf4 Kh6 (42... Rxf2+ $2 {loses.} 43. Ke4 Bb6 44. Nxh5+ Kh6 45. Nf4) (42... Bxf2 $2 {perishes.} 43. Nxh5+ Kg6 44. Nf4+ Kf6 45. Bb5) 43. Nh3 Bb6 44. Bb5 Ra2 45. Be8 {[%emt 0:00:17] [#]} (45. Kg2 $17) 45... a6 $1 $19 46. Bd7 Kg7 47. Be8 Kf8 48. Bd7 Ke7 49. Bc6 Kd8 50. Kg2 Ke7 51. Kf3 $1 Ba7 52. Kg2 Rb2 53. Kf3 (53. Be4 $142) 53... Rb4 54. Nf4 {[%emt 0:01:20] Nd5+ would be deadly.} Rc4 55. Bd5 Rxa4 56. Nxh5 Rd4 57. Bg8 (57. Nf4) 57... Rd2 58. Nf4 a5 59. Ne2 a4 {[%emt 0:00:12] Threatens to win with ...Rc2.} 60. g4 Rc2 61. Ng3 Rxf2+ 62. Ke4 a3 63. Nf5+ Kf6 64. Nd4 Bxd4 65. Kxd4 {[%emt 0:01:36] Weighted Error Value: White=0.48/Black=0.11 (very precise)} 0-1

[Event "61st Mongolian-ch Open 2023"]
[Site "Khovd"]
[Date "2023.05.22"]
[Round "2.1"]
[White "Chinguun, Sumiya"]
[Black "Ulziikhishig Khishigbat"]
[Result "1-0"]
[ECO "B30"]
[WhiteElo "2298"]
[BlackElo "1601"]
[Annotator "TA"]
[PlyCount "51"]
[EventDate "2023.05.22"]
[EventType "tourn"]
[EventCountry "MGL"]
[SourceTitle "playchess.com"]
[Source "ChessBase"]
[SourceQuality "1"]
[TimeControl "40/5400+30:1800+30"]

1. e4 c5 2. Nc3 Nc6 3. Bb5 Nd4 4. Nf3 e6 5. O-O a6 6. Bd3 Nxf3+ 7. Qxf3 Bd6 {[%emt 0:00:31] B30: Sicilian: 2...Nc6 3 Bb5, lines without ...g6.} 8. a4 Qc7 (8... Qh4 9. g3 Qd8 10. Qe2 $14) 9. h3 {[%emt 0:00:25] [#]} Be5 $146 {[%emt 0:00:22] The position is equal.} ({Predecessor:} 9... Ne7 10. Re1 Bh2+ 11. Kh1 Be5 12. b3 O-O 13. Bb2 Nc6 14. Qh5 g6 15. Qh4 Qd8 16. Qxd8 Rxd8 {0-1 Sokolin,L (2508)-Grachev,B (2626) Wch Blitz St Petersburg 2018 (11)}) 10. Bc4 Ne7 11. d3 O-O 12. Qh5 Rd8 (12... b6 $15) 13. f4 Bxc3 14. bxc3 d5 15. Ba2 b5 (15... c4 $5 ) 16. f5 {[%emt 0:04:13] And now Bf4 would win.} exf5 (16... c4 {is more complex.} 17. f6 Ng6 18. fxg7 dxe4 19. dxe4 Bb7) 17. Bxd5 (17. exf5 $11 c4 18. f6 Qb6+ 19. Kh1 gxf6 20. Ba3) 17... Nxd5 $15 18. exd5 c4 {[%emt 0:02:00] White must now prevent ...cxd3.} 19. axb5 cxd3 {[%emt 0:04:40][%mdl 64] Discovered Attack} 20. cxd3 {[%emt 0:01:57] Strongly threatening c4.} Qxc3 21. Ra4 g6 ({Better is} 21... h6 $15) 22. Qh4 $1 $14 Rxd5 {[%emt 0:02:17] [#]} ({Black should try} 22... Bb7 $1 $14) 23. Rc4 $1 $40 {[%emt 0:01:53][%mdl 128] White wants a kill.} Qxd3 (23... Qg7 $16 {is more resistant.}) 24. Bb2 {[%emt 0:01:05][%cal Oh4h7] White threatens Qxh7+! and mate.} Rxb5 {[%emt 0:06:42] [#]} (24... axb5 {gets mated.} 25. Qxh7+ Kf8 26. Re1) (24... Qe3+ $18 25. Kh1 Bb7 26. bxa6 (26. Qf6 Re5 $16) 26... Rd7 27. axb7 Rxb7) 25. Qxh7+ $3 {[%emt 0:00:34][%mdl 576] Decoy, Back Rank, Clearance} Kf8 26. Bf6 {[%emt 0:02:33] Ingenious play by Chinguun!   Weighted Error Value: White=0.14 (very precise) /Black=0.68} 1-0

[Event "61st Mongolian-ch Open 2023"]
[Site "Khovd"]
[Date "2023.05.22"]
[Round "2.2"]
[White "Erdene, Ganzorig"]
[Black "Bulgankhan Ganzorig"]
[Result "0-1"]
[ECO "A47"]
[WhiteElo "2278"]
[BlackElo "2017"]
[Annotator "TA"]
[PlyCount "98"]
[EventDate "2023.05.22"]
[EventType "tourn"]
[EventCountry "MGL"]
[SourceTitle "playchess.com"]
[Source "ChessBase"]
[SourceQuality "1"]
[TimeControl "40/5400+30:1800+30"]

1. d4 Nf6 2. Bf4 b6 3. Nc3 Bb7 4. Nf3 e6 5. e3 Nh5 {[%emt 0:01:13] [#]} 6. Bg5 $146 {[%emt 0:07:02] A47: 1 d4 Nf6 2 Nf3 b6: Torre, London and Colle Systems.} ({Predecessor:} 6. Bg3 Nxg3 7. hxg3 Nc6 8. Bb5 a6 9. Bd3 g6 10. Qd2 Bg7 11. O-O-O Qe7 12. Qe2 e5 13. dxe5 Nxe5 14. Nxe5 Bxe5 {1-0 De Souza,S (1800)-Coutinho,L (1099) Florianopolis op 9th 2023 (5)}) 6... Be7 7. Bxe7 Qxe7 8. g3 {[%emt 0:15:58] The position is equal.} O-O 9. Bg2 Nf6 10. O-O c5 11. Nb5 d5 12. Ne5 a6 13. Nc3 Nc6 14. Nxc6 Bxc6 15. dxc5 bxc5 16. b3 Rac8 17. Ne2 Rfd8 18. c3 a5 {[%emt 0:05:08] Black is more active. Black keeps a firm grip on the game.} 19. Qc2 d4 20. Rad1 (20. cxd4 $17 {keeps fighting.} cxd4 21. Qd3 (21. Bxc6 $2 {is the wrong capture.} d3 $19 {[%mdl 64] Deflection, Double Attack})) 20... Bxg2 $19 21. Kxg2 dxe3 22. fxe3 (22. f3 $142) 22... Qb7+ 23. Kg1 Ng4 24. Rd3 (24. Rxd8+ {was the only defense.} Rxd8 25. Qc1) 24... Rxd3 25. Qxd3 Ne5 26. Qd6 Nf3+ {[%emt 0:00:31][%mdl 64] Deflection} 27. Kf2 Nxh2 28. Rd1 {[%emt 0:00:24][%cal Od6d8] White wants to mate with Qd8+!} Qf3+ 29. Ke1 $2 (29. Kg1 g6 30. Qd3) 29... h6 {[%emt 0:00:29] And now ...Qf1+ would win. Black is clearly winning.} (29... Qxe3 $2 {gets mated.} 30. Qd8+ Rxd8 31. Rxd8#) 30. Qd3 Qg2 31. Kd2 {[%emt 0:00:38] [#]} c4 $1 32. bxc4 (32. Qc2 Nf1+) 32... Nf3+ 33. Kc1 Ne5 {[%emt 0:00:30][%csl LRc4,LRd3][%mdl 64] Deflection} 34. Qd2 Nxc4 35. Qd3 Qb7 36. Qb1 {[%emt 0:00:05] Prevents Qb2+} Qa7 37. Rd4 Nxe3 38. Qb3 (38. Qd3 $142 Nd5 39. Kd1) 38... Nd5 {[%emt 0:00:23][%cal Od5c3] Strongly threatening ...Nxc3!} 39. Kd2 {[%emt 0:00:48] [#]} Nxc3 $1 {[%emt 0:01:00][%mdl 576] Decoy} 40. Qc2 (40. Rc4 Rd8+) 40... Qb6 {[%emt 0:00:00] ...Nb1+ is the strong threat.} 41. Ke1 Qc6 42. Kf2 Nd5 (42... e5 $142 43. Rd8+ Rxd8 44. Qxc3 Qxc3 {[%mdl 64] Remove Defender} 45. Nxc3 Rd3) 43. Qd2 (43. Qxc6 $142 Rxc6 44. Rd3) 43... Qc2 44. a3 Qxd2 45. Rxd2 Nc3 {[%emt 0:01:13] White must now prevent ...Ne4+.} 46. Rd4 {[%emt 0:01:00] Wards off Ne4+} Nxe2 47. Kxe2 Rc3 48. Ra4 Rxg3 49. Rxa5 g5 {[%emt 0:00:04] Weighted Error Value: White=0.98/Black=0.63} 0-1